 Dungeon Crawl Stone Soup version 0.28.0-43-g3370ac3207 (webtiles) character file.

Game seed: 5781075865596192136

41 terff the Covered (level 3, -3/26 (29) HPs)
             Began as a Human Fighter on Mar 20, 2022.
             Slain by a kobold
             ... wielding a +0 short sword
              (5 damage)
             ... on level 3 of the Dungeon.
             The game lasted 00:05:13 (2343 turns).

terff the Covered (Human Fighter)                   Turns: 2343, Time: 00:05:14

HP:   -3/26 (29)    AC:  6    Str: 18    XL:     3   Next: 75%
MP:   3/3           EV: 10    Int:  8    God:
Gold: 112           SH:  4    Dex: 12    Spells: 2/2 levels left

rFire   + . .      SeeInvis .   a - +0 long sword
rCold   + . .      Faith    .   c - +0 buckler
rNeg    . . .      Spirit   .   m - +1 ring mail of Springtime {+Inv rF+ rC+}
rPois   .          Reflect  .   (no helmet)
rElec   .          Harm     .   (no cloak)
rCorr   .          Rampage  .   (no gloves)
Will    .....                   (no boots)
Stlth   +.........              (no amulet)
HPRegen 0.08/turn               (no ring)
MPRegen 0.08/turn               (no ring)

@: mighty, weak-willed, heavily drained
A: no striking features
a: Evoke Invisibility


You were on level 3 of the Dungeon.
You visited 1 branch of the dungeon, and saw 3 of its levels.

You collected 112 gold pieces.

Inventory:

Hand Weapons
 a - a +0 long sword (weapon)
Armour
 b - a +0 scale mail
 c - a +0 buckler (worn)
 m - the +1 ring mail of Springtime (worn) {+Inv rF+ rC+}
   (You found it on level 2 of the Dungeon)

   rF:        It protects you from fire.
   rC:        It protects you from cold.
   +Inv:      It lets you turn invisible.
Scrolls
 h - a scroll of magic mapping
Potions
 e - a potion of cancellation
 f - a potion of heal wounds {unknown}
 g - a potion of curing {unknown}
 i - a potion of degeneration {unknown}
 j - a potion of ambrosia {unknown}
 k - a potion of haste {unknown}


   Skills:
 + Level 3.2 Fighting
 + Level 2.8 Long Blades
 + Level 3.4 Armour
 + Level 3.3 Shields


You had 2 spell levels left.
You didn't know any spells.
Your spell library was empty.

Dungeon Overview and Level Annotations

Branches:
Dungeon (3/15)

Altars:

Shops:
D:2 :


Message History

A gnoll comes into view. It is wielding a +0 spear.
An iguana and a bat come into view.
The iguana hisses angrily.
You hit the bat.
The bat is severely wounded.
The bat closely misses you. The bat hits you but does no damage.
The bat barely misses you.
A kobold comes into view. It is wielding a +0 short sword.
The bat misses you. You block the gnoll's attack.
You hit the gnoll but do no damage. The bat hits you but does no damage.
The gnoll barely misses you. The gnoll hits you but does no damage.
You hit the gnoll.
The gnoll is heavily wounded.
The gnoll hits you from afar with a +0 spear.
The gnoll barely misses you. x2; The gnoll hits you with a +0 whip.
The iguana bites you.
You closely miss the gnoll.
The gnoll is heavily wounded.
The bat barely misses you. The bat hits you but does no damage.
The gnoll hits you from afar with a +0 spear.
The gnoll closely misses you. The iguana bites you.
You feel drained.
You fail to use your ability.
You block the bat's attack.
The gnoll hits you from afar with a +0 spear.
The gnoll hits you with a +0 whip. The iguana closely misses you.
The bat hits you but does no damage. The gnoll hits you but does no damage.
The gnoll barely misses you.
The iguana bites you but does no damage.
You block the bat's attack.
The kobold hits you with a +0 short sword.
The gnoll hits you from afar with a +0 spear.
* * * LOW HITPOINT WARNING * * *
The bat hits you but does no damage. The bat barely misses you.
The bat barely misses you.
You feel very mighty all of a sudden. The bat barely misses you.
The kobold closely misses you. The gnoll hits you but does no damage.
The gnoll hits you with a +0 whip.
* * * LOW HITPOINT WARNING * * *
You barely miss the iguana.
The kobold hits you with a +0 short sword.
You die...

...#......# ..........#
..........# ..........#
......<...######
.......#...#...##
...##...........##
...#.....g.......#
......#..gK@..[...# #
..... #...bl......# #
........!.........##
####..§..........#...##
.#§..§§..........#...#
.#§###§..........#...#
.§§§§§...............#
†§####...............#
#.# §..........####


You could see an iguana, 2 gnolls, a bat and a kobold.

Vanquished Creatures
  2 dart slugs
  4 bats
  4 endoplasms
  3 giant cockroaches (D:1)
  8 hobgoblins
  A kobold (D:1)
  A quokka (D:1)
  2 ball pythons (D:1)
  3 frilled lizards (D:1)
  3 goblins
  A rat (D:1)
32 creatures vanquished.

Notes
Turn   | Place    | Note
-------+----------+-------------------------------------------
     0 | D:1      | terff the Human Fighter began the quest for the Orb.
     0 | D:1      | Reached XP level 1. HP: 18/18 MP: 1/1
   275 | D:1      | Reached XP level 2. HP: 19/24 MP: 2/2
   655 | D:1      | Reached XP level 3. HP: 29/29 MP: 3/3
  1529 | D:2      | Found a faded altar of an unknown god.
  1715 | D:2      | Found Gongagaa's Book Emporium.
  1743 | D:2      | Identified the +1 ring mail of Springtime {+Inv rF+ rC+}
  2343 | D:3      | Slain by a kobold

Illustrated notes

Levels and vault maps discovered:
D:1:      dpeg_arrival_concentric_ovals, layout_basic
D:2:      layout_loops_corners, hellmonk_ecumenical_altar_inner_sanctum,
          serial_shops, shop, minmay_door_square
D:3:      layout_rooms, grunt_decor_resistance

Action                   || total
-------------------------++-------
Melee: Long sword        ||    92
  Use: Scroll            ||     6
       Potion            ||     1
Armor: Scale mail        ||    35
       Ring mail         ||    21
Dodge: Dodged            ||    67
Block: Buckler           ||    27
